 Dungeon Sprint DCSS version 0.20-a0-1009-gc986637 (webtiles) character file.

16455 Roshambo the Swashbuckler (level 12, -3/110 HPs)
             Began as a Demonspawn Berserker on Apr 14, 2017.
             Was a High Priest of Trog.
             Slain by a spark wasp (22 damage)
             ... in the Dungeon (Sprint IX: "|||||||||||||||||||||||||||||").
             The game lasted 00:07:29 (2630 turns).

Roshambo the Swashbuckler (Demonspawn Berserker)    Turns: 2630, Time: 00:07:30

Health: -3/110     AC: 19    Str: 18    XL:     12   Next: 10%
Magic:  13/13      EV: 12    Int:  8    God:    Trog [*****.]
Gold:   1434       SH:  0    Dex: 21    Spells: 11/11 levels left

rFire    + + .     SeeInvis .   w - +8 quick blade
rCold    . . .     Gourm    .   (no shield)
rNeg     . . .     Faith    .   p - +1 chain mail
rPois    +         Spirit   .   o - +0 hat
rElec    +         Reflect  .   D - +0 cloak
rCorr    .         Harm     .   v - +1 pair of gloves {Dex+3}
MR       ++...     Clarity  +   (boots unavailable) Stlth ++........NoTele +
                                (no amulet)
Regen    1.3/turn               a - ring of poison resistance
MPRegen  0.2/turn               b - ring of protection from fire

@: exhausted, regenerating, slowed, very slow
A: hooves 3, rugged brown scales 2, clarity, fire resistance 1, foul stench 2,
high mp 1, sense surroundings 2, powered by death 1, electricity resistance, rot
immunity, MP-powered wands
a: Berserk, Trog's Hand, Brothers in Arms, Burn Spellbooks, Renounce Religion


You were in the Dungeon.
You worshipped Trog.
Trog was extremely pleased with you.
You were very hungry.

You visited 1 branch You collected 1900 gold pieces.
You spent 466 gold pieces at shops.

Inventory:

Hand Weapons
 w - a +8 quick blade (weapon)
 x - a +7 antimagic rapier
 y - a +5 rapier of freezing
Armour
 o - a +0 hat (worn)
 p - a +1 chain mail (worn)
 v - a +1 pair of gloves of dexterity (worn)
 D - a +0 cloak (worn)
Jewellery
 a - a ring of poison resistance (left hand)
 b - a ring of protection from fire (right hand)
 m - an uncursed ring of protection from magic
Wands
 l - a wand of lightning (2/15)
Scrolls
 i - 3 scrolls of blinking
 k - 4 scrolls of remove curse
 t - 4 scrolls of enchant armour
 u - 6 scrolls of enchant weapon
 z - a scroll of identify
 G - a scroll of recharging
Potions
 c - a potion of brilliance
 d - 9 potions of curing
 e - 7 potions of heal wounds
 f - 3 potions of haste
 g - 4 potions of magic
 h - 2 potions of berserk rage
 j - a potion of invisibility
Books
 s - the Catalogue of Unholy Rituals
   (You found it in the Dungeon)

   Spells                             Type                      Level
   a - Animate Skeleton               Necromancy                   1
   b - Simulacrum                     Ice/Necromancy               6
   c - Death Channel                  Necromancy                   6
   Trog disapproves of the use of such an item.
Comestibles
 A - 37 fruits
 B - 12 bread rations
 C - 11 meat rations


   Skills:
 + Level 13.4 Fighting
 * Level 18.6 Short Blades
 + Level 11.4 Armour
 + Level 6.0 Dodging
 * Level 12.7 Stealth


You had 11 spell levels left.
You didn't know any spells.

Dungeon Overview and Level Annotations

Branches:
Dungeon (1/1)

Altars:
Cheibriados
Dithmenos
Elyvilon
Fedhas
Gozag
Hepliaklqana
Kikubaaqudgha
Makhleb
Nemelex Xobeh
Okawaru
Qazlal
Ru
Sif Muna
Trog
Uskayaw
Vehumet
Wu Jian
Xom
Yredelemnul
Zin
The Shining One
Beogh
Jiyva
Lugonu

Shops:
D (!!:


Innate Abilities, Weirdness & Mutations

You have hooves in place of feet.
You are mostly covered in rugged brown scales. (AC +2, +5% HP)
Your flesh is heat resistant. (rF+)
You frequently emit foul miasma when damaged in melee.
You regenerate a little health from kills.
You are immune to rotting.
You possess an exceptional clarity of mind.
You have an increased reservoir of magic. (+10% MP)
You passively map the area around you.
You are resistant to electric shocks. (rElec)
You expend magic power (3 MP) to strengthen your wands.


Message History

Your deep troll claws the fire dragon!
Your deep troll completely misses the fire dragon.
The fire dragon bites your deep troll. The fire dragon claws your deep troll.
The fire dragon tramples your deep troll.
Your deep troll holds its ground!
There is an open door to the Dungeon, spattered with blood here.
You miss the spark wasp. Your kick misses the spark wasp.
The spark wasp is almost dead.
The spark wasp stings you but does no damage.
Your deep troll bites the fire dragon.
Your deep troll claws the fire dragon.
Your deep troll barely misses the fire dragon.
You closely miss the spark wasp. You kick the spark wasp.
The spark wasp is almost dead.
The fire dragon bites your deep troll. The fire dragon claws your deep troll!
The fire dragon tramples your deep troll!
Your deep troll holds its ground!
Your deep troll dies!
Your deep troll's corpse disappears in a puff of smoke!
The spark wasp stings you!!
You die...

▓_▓.▓%▓.▓.▓)▓.▓
, ,
▓_▓.▓)▓.▓.▓.▓.▓
▓_▓.▓.▓.▓.▓.▓.▓
, + ,*
▓_▓.▓.▓)▓.▓.▓.▓
*, ,*,
▓_▓.▓.▓)▓.▓.▓.▓
* * * ,
▓_▓.▓.▓)▓)▓.▓.▓,
* , *,*
▓_▓.▓.▓.▓)▓.▓.▓,
*,* * ,
▓'▓.▓'▓.▓)▓.▓y▓
, * *,*
▓.▓.▓.▓.▓)▓.▓@▓,
, ,
▓?▓.▓.▓.▓)▓.▓.▓,
, ,* *
▓|▓.▓†▓.▓)▓.▓§▓
* * ,
▓(▓.▓.▓.▓)▓.▓D▓
* *
▓.▓.▓.▓.▓∩▓.▓D▓
,*,*,
▓.▓.▓.▓.▓.▓.▓C▓
,* * ,*
▓.▓.▓.▓.▓∩▓.▓)▓,
, *
▓.▓.▓.▓.▓.▓.▓Z▓
* * *,
▓.▓.▓[▓.▓∩▓.▓.▓
*, ,* *,*


You could see 2 fire dragons, an ettin, a spark wasp and a quokka zombie.

Vanquished Creatures
  Gastronok (D)
  Erolcha (D)
  2 hydras (D)
  An ogre mage (D)
  2 orc high priests (D)
  3 orc knights (D)
  A wolf spider (D)
  3 orc sorcerers (D)
  2 ugly things (D)
  A manticore (D)
  Psyche (D)
  2 spiny frogs (D)
  2 komodo dragons (D)
  A yaktaur (D)
  4 polar bears (D)
  A troll (D)
  2 hippogriffs (D)
  Grum (D)
  A yak (D)
  A basilisk (D)
  2 hungry ghosts (D)
  A steam dragon (D)
  4 porcupines (D)
  2 water moccasins (D)
  8 orc warriors (D)
  4 black bears (D)
  4 wolves (D)
  A centaur (D)
  2 crocodiles (D)
  A bullfrog (D)
  A scorpion (D)
  2 crimson imps (D)
  A hound (D)
  4 orc priests (D)
  6 orc wizards (D)
  An iguana (D)
  13 orcs (D)
  A bat skeleton (D)
  A bat zombie (D)
  2 goblins (D)
  2 hobgoblins (D)
  A jackal (D)
  A frilled lizard (D)
  A kobold (D)
99 creatures vanquished.

Vanquished Creatures (collateral kills)
  An orc high priest (D)
1 creature vanquished.

Vanquished Creatures (others)
  An orc (D)
1 creature vanquished.

Grand Total: 101 creatures vanquished

Notes
Turn   | Place    | Note
-------+----------+-------------------------------------------
     0 | D        | Roshambo the Demonspawn Berserker began the quest for the Orb.
     0 | D        | Reached XP level 1. HP: 18/18 MP: 1/1
     9 | D        | Reached skill level 3 in Short Blades
    15 | D        | Reached skill level 1 in Stealth
    16 | D        | Reached ** piety under Trog
   107 | D        | Noticed a hound
   107 | D        | Noticed an iguana
   111 | D        | Killed a hound
   111 | D        | Reached skill level 5 in Short Blades
   111 | D        | Gained mutation: You are partially covered in rugged brown scales. (AC +1, +3% HP) [demonic ancestry]
   111 | D        | Reached XP level 2. HP: 21/24 MP: 2/2
   111 | D        | Gained mutation: You are immune to rotting. [demonic ancestry]
   111 | D        | Reached XP level 3. HP: 25/29 MP: 3/3
   113 | D        | Reached *** piety under Trog
   122 | D        | Reached skill level 6 in Short Blades
   162 | D        | Found a roughly hewn altar of Beogh.
   162 | D        | Found a snail-covered altar of Cheibriados.
   162 | D        | Found a shadowy altar of Dithmenos.
   162 | D        | Found a white marble altar of Elyvilon.
   162 | D        | Found a blossoming altar of Fedhas.
   162 | D        | Found an opulent altar of Gozag.
   163 | D        | Found a hazy altar of Hepliaklqana.
   164 | D        | Found a viscous altar of Jiyva.
   165 | D        | Found an ancient bone altar of Kikubaaqudgha.
   166 | D        | Found a corrupted altar of Lugonu.
   167 | D        | Found a burning altar of Makhleb.
   168 | D        | Found a sparkling altar of Nemelex Xobeh.
   169 | D        | Found an iron altar of Okawaru.
   170 | D        | Found a stormy altar of Qazlal.
   171 | D        | Found a sacrificial altar of Ru.
   172 | D        | Found a deep blue altar of Sif Muna.
   173 | D        | Found a bloodstained altar of Trog.
   174 | D        | Found a hide-covered altar of Uskayaw.
   175 | D        | Found a radiant altar of Vehumet.
   176 | D        | Found an ornate altar of the Wu Jian Council.
   177 | D        | Found a shimmering altar of Xom.
   178 | D        | Found a basalt altar of Yredelemnul.
   179 | D        | Found a glowing silver altar of Zin.
   180 | D        | Found a glowing golden altar of the Shining One.
   229 | D        | Noticed a centaur
   229 | D        | Noticed a hungry ghost
   229 | D        | Noticed a scorpion
   229 | D        | Noticed a steam dragon
   229 | D        | Noticed a hungry ghost
   234 | D        | Killed a centaur
   234 | D        | Reached **** piety under Trog
   234 | D        | Reached skill level 8 in Short Blades
   234 | D        | Reached XP level 4. HP: 38/38 MP: 4/4
   234 | D        | Gained mutation: You have large cloven feet. [demonic ancestry]
   234 | D        | Reached XP level 5. HP: 43/43 MP: 5/5
   242 | D        | Killed a hungry ghost
   242 | D        | Reached skill level 5 in Fighting
   242 | D        | Reached skill level 9 in Short Blades
   242 | D        | Reached skill level 5 in Stealth
   242 | D        | Gained mutation: You may emit foul miasma when damaged in melee. [demonic ancestry]
   242 | D        | Reached XP level 6. HP: 52/52 MP: 6/6
   251 | D        | Reached ***** piety under Trog
   251 | D        | Reached skill level 10 in Short Blades
   258 | D        | Killed a steam dragon
   280 | D        | Killed a hungry ghost
   280 | D        | Reached skill level 11 in Short Blades
   280 | D        | Gained mutation: You regenerate a little health from kills. [demonic ancestry]
   280 | D        | Reached XP level 7. HP: 26/60 MP: 7/7
   470 | D        | Noticed a manticore
   470 | D        | Noticed a red ugly thing
   470 | D        | Noticed a troll
   477 | D        | Killed a manticore
   477 | D        | Reached skill level 12 in Short Blades
   488 | D        | Killed a red ugly thing
   488 | D        | Gained mutation: You have hoof-like feet. [demonic ancestry]
   488 | D        | Reached XP level 8. HP: 60/70 MP: 8/8
   493 | D        | Killed a troll
   493 | D        | Reached skill level 13 in Short Blades
   710 | D        | Identified the Catalogue of Unholy Rituals
   722 | D        | Noticed a spiny frog
   722 | D        | Noticed a komodo dragon
   722 | D        | Noticed a spiny frog
   733 | D        | Killed a spiny frog
   733 | D        | Received a gift from Trog
   733 | D        | Reached skill level 5 in Armour
   745 | D        | Killed a komodo dragon
   745 | D        | Reached ****** piety under Trog
   745 | D        | Gained mutation: You have hooves in place of feet. [demonic ancestry]
   745 | D        | Reached XP level 9. HP: 51/78 MP: 9/9
   749 | D        | Received a gift from Trog
   757 | D        | Killed a spiny frog
   757 | D        | Reached skill level 14 in Short Blades
  1084 | D        | Noticed a four-headed hydra
  1089 | D        | Killed a four-headed hydra
  1089 | D        | Reached skill level 15 in Short Blades
  1089 | D        | Reached skill level 5 in Dodging
  1095 | D        | Reached skill level 10 in Fighting
  1108 | D        | Received a gift from Trog
  1108 | D        | Gained mutation: You are mostly covered in rugged brown scales. (AC +2, +5% HP) [demonic ancestry]
  1108 | D        | Reached XP level 10. HP: 70/89 MP: 10/10
  1143 | D        | Received a gift from Trog
  1298 | D        | Reached skill level 10 in Stealth
  1313 | D        | Reached skill level 16 in Short Blades
  1333 | D        | Received a gift from Trog
  1417 | D        | Noticed Gastronok
  1421 | D        | Noticed Erolcha
  1435 | D        | Killed Gastronok
  1436 | D        | Paralysed by Erolcha for 3 turns
  1446 | D        | Killed Erolcha
  1446 | D        | Gained mutation: Your flesh is heat resistant. (rF+) [demonic ancestry]
  1446 | D        | Reached XP level 11. HP: 58/97 MP: 11/11
  1484 | D        | Noticed Psyche
  1490 | D        | Killed Psyche
  1622 | D        | Received a gift from Trog
  1627 | D        | Reached skill level 17 in Short Blades
  1633 | D        | Received a gift from Trog
  1695 | D        | Noticed an orc sorcerer
  1701 | D        | Noticed an orc knight
  1717 | D        | Killed an orc sorcerer
  1717 | D        | Received a gift from Trog
  1801 | D        | Killed an orc knight
  1925 | D        | Found Mucve's Weapon Emporium.
  1925 | D        | Noticed an orc high priest
  1925 | D        | Noticed an orc sorcerer
  1925 | D        | Noticed an orc knight
  1929 | D        | Killed an orc high priest
  1929 | D        | Reached skill level 10 in Armour
  1931 | D        | Killed an orc sorcerer
  1931 | D        | Received a gift from Trog
  1938 | D        | Killed an orc knight
  1939 | D        | Found Igremm's Distillery.
  1944 | D        | Found Tinn's Distillery.
  1948 | D        | Found Ulemestro's Book Shoppe.
  1951 | D        | Noticed an orc high priest
  1952 | D        | Noticed an orc sorcerer
  1953 | D        | Noticed an orc high priest
  1967 | D        | Killed an orc high priest
  1967 | D        | Received a gift from Trog
  1979 | D        | Killed an orc sorcerer
  1989 | D        | Noticed a sixfirhy
  2012 | D        | Noticed a sixfirhy
  2013 | D        | Noticed a soul eater
  2017 | D        | Killed an orc high priest
  2368 | D        | Bought a potion of curing for 33 gold pieces
  2368 | D        | Bought a potion of curing for 33 gold pieces
  2368 | D        | Bought a potion of mutation for 88 gold pieces
  2370 | D        | Bought a potion of curing for 39 gold pieces
  2370 | D        | Bought a potion of heal wounds for 65 gold pieces
  2370 | D        | Bought a potion of mutation for 104 gold pieces
  2370 | D        | Bought a potion of mutation for 104 gold pieces
  2373 | D        | Gained mutation: Your mind is acute. (Int +2) [potion of mutation]
  2373 | D        | Gained mutation: Your flesh is cold resistant. (rC+) [potion of mutation]
  2374 | D        | Lost mutation: Your mind is acute. (Int +2) [potion of mutation]
  2374 | D        | Lost mutation: Your flesh is cold resistant. (rC+) [potion of mutation]
  2374 | D        | Gained mutation: You have a pair of small antennae on your head. [potion of mutation]
  2374 | D        | Gained mutation: You are robust. (+10% HP) [potion of mutation]
  2375 | D        | Lost mutation: You are robust. (+10% HP) [potion of mutation]
  2375 | D        | Lost mutation: You have a pair of small antennae on your head. [potion of mutation]
  2375 | D        | Gained mutation: You possess an exceptional clarity of mind. [potion of mutation]
  2375 | D        | Gained mutation: Your muscles are strong. (Str +2) [potion of mutation]
  2375 | D        | Gained mutation: You are resistant to electric shocks. (rElec) [potion of mutation]
  2375 | D        | Gained mutation: You have an increased reservoir of magic. (+10% MP) [potion of mutation]
  2427 | D        | Noticed Grum
  2441 | D        | Killed Grum
  2441 | D        | Reached skill level 18 in Short Blades
  2446 | D        | Received a gift from Trog
  2539 | D        | Lost mutation: Your muscles are strong. (Str +2) [potion of mutation]
  2539 | D        | Lost mutation: You possess an exceptional clarity of mind. [potion of mutation]
  2539 | D        | Gained mutation: You possess an exceptional clarity of mind. [potion of mutation]
  2539 | D        | Gained mutation: You passively map a small area around you. [potion of mutation]
  2539 | D        | Gained mutation: You expend magic power (3 MP) to strengthen your wands. [potion of mutation]
  2539 | D        | Gained mutation: You passively map the area around you. [potion of mutation]
  2573 | D        | Noticed a red ugly thing
  2573 | D        | Noticed a seven-headed hydra
  2573 | D        | Noticed an orc knight
  2573 | D        | Noticed a wolf spider
  2579 | D        | Killed a red ugly thing
  2580 | D        | Noticed an ogre mage
  2585 | D        | Killed a seven-headed hydra
  2593 | D        | Killed an orc knight
  2594 | D        | Noticed a spark wasp
  2600 | D        | Killed a wolf spider
  2600 | D        | Gained mutation: You frequently emit foul miasma when damaged in melee. [demonic ancestry]
  2600 | D        | Reached XP level 12. HP: 97/110 MP: 13/13
  2605 | D        | Noticed a fire dragon
  2606 | D        | Noticed a fire dragon
  2606 | D        | Received a gift from Trog
  2608 | D        | Noticed a rakshasa
  2611 | D        | Killed an ogre mage
  2613 | D        | Noticed an ettin
  2616 | D        | Noticed an ogre mage
  2630 | D        | Slain by a spark wasp

Vault maps used:
D:        linesprint

Skill      XL: |  1  2  3  4  5  6  7  8  9 10 11 12 |
---------------+-------------------------------------+-----
Short Blades   | 5 8 9 11 12 13 15 16 18 | 18.6
Stealth        | 2 4 5 6 7 8 9 11 12 | 12.7
Fighting       | 4 5 6 8 9 10 11 13 | 13.4
Armour         | 2 3 4 5 6 9 11 | 11.4
Dodging        | 2 3 4 5 6 |  6.0

Action                   |  1- 3 |  4- 6 |  7- 9 | 10-12 || total
-------------------------+-------+-------+-------+-------++-------
Melee: Short sword       |    31 |       |       |       ||    31
       Rapier            |     3 |    45 |    93 |   216 ||   357
       Kick              |       |    14 |    32 |   119 ||   165
       Quick blade       |       |       |    11 |    68 ||    79
Invok: Berserk           |     2 |       |     2 |     5 ||     9
       Brothers in Arms  |       |       |       |     5 ||     5
       Trog's Hand       |       |       |       |     3 ||     3
Evoke: Wand              |       |       |       |     5 ||     5
  Use: Potion            |       |       |       |     7 ||     7
       Scroll            |       |       |       |     1 ||     1
  Eat: Bread ration      |       |     1 |       |       ||     1
       Chunk             |       |       |     4 |     5 ||     9
       Fruit             |       |       |       |     3 ||     3
       Meat ration       |       |       |       |     1 ||     1
Armor: Animal skin       |     4 |       |       |       ||     4
       Chain mail        |     3 |    22 |    40 |   105 ||   170
Dodge: Dodged            |    15 |     8 |    21 |    97 ||   141
